 Dungeon Crawl Stone Soup version 0.27-a0-686-gaed091b46b (webtiles) character file.

Game seed: 12126902560813732667

108868 rednaxela the Eclecticist (level 16, -11/118 HPs)
             Began as a Mummy Necromancer on Mar 20, 2021.
             Was a High Priest of Sif Muna.
             Mangled by Agnes
             ... wielding a +3 vampiric lajatang
              (20 damage)
             ... on level 15 of the Dungeon on Mar 21, 2021.
             The game lasted 02:01:49 (40637 turns).

rednaxela the Eclecticist (Mummy Necromancer)      Turns: 40637, Time: 02:01:49

Health: -11/118    AC: 17    Str: 13    XL:     16   Next: 3%
Magic:  19/38      EV: 11    Int: 20    God:    Sif Muna [*****.]
Gold:   1671       SH:  6    Dex: 12    Spells: 19/52 levels left

rFire    . . .     SeeInvis .   b - +8 whip "Snakebite" {curare, rPois}
rCold    + . .     Faith    .   r - +2 buckler
rNeg     + + +     Spirit   .   x - +3 steam dragon scales
rPois    ∞         Reflect  .   k - +0 helmet
rElec    .         Harm     .   m - +0 cloak
rCorr    .         Rampage  .   v - +1 pair of gloves
Will     ++...                  q - +0 pair of boots
Stlth    ++........             w - amulet of regeneration
HPRegen  1.29/turn              d - +4 ring of protection
MPRegen  0.26/turn              B - ring of protection from fire

@: very slightly contaminated
A: cold resistance 1, negative energy resistance 3, torment resistance 2,
unbreathing 1, heat vulnerability 1, in touch with death 1, no potions
a: Renounce Religion, Channel Magic, Forget Spell, Divine Exegesis


You were on level 15 of the Dungeon.
You worshipped Sif Muna.
Sif Muna was extremely pleased with you.
You visited 4 branches of the dungeon, and saw 24 of its levels.

You collected 3378 gold pieces.
You spent 1707 gold pieces at shops.

Inventory:

Hand Weapons
 b - the +8 whip "Snakebite" (weapon) {curare, rPois}
   (You found it on level 2 of the Lair of Beasts)

   It poisons the flesh of those it strikes.
   It protects you from poison.
 i - a +0 long sword of flaming
   (You took it off a wight on level 10 of the Dungeon)
 n - a +5 quarterstaff of chaos
   (You took it off Crazy Yiuf on level 2 of the Dungeon)
Missiles
 f - 98 poisoned darts (quivered)
 E - 4 throwing nets {!f}
 L - 9 curare-tipped darts
Armour
 k - a +0 helmet (worn)
   (You found it on level 6 of the Lair of Beasts)
 m - a +0 cloak (worn)
   (You took it off Crazy Yiuf on level 2 of the Dungeon)
 q - a +0 pair of boots (worn)
   (You found it on level 6 of the Dungeon)
 r - a +2 buckler (worn)
   (You found it on level 6 of the Lair of Beasts)
 u - a scarf of invisibility
   (You found it on level 1 of the Lair of Beasts)
 v - a +1 pair of gloves (worn)
   (You found it on level 7 of the Dungeon)
 x - +3 steam dragon scales (worn)
   (You found it on level 6 of the Lair of Beasts)
Magical Staves
 a - a staff of fire
   (You found it on level 4 of the Lair of Beasts)
Jewellery
 c - the ring "Qoosm" {+Inv rPois rN+}
   (You bought it in a shop on level 2 of the Orcish Mines)

   [ring of positive energy]

   It protects you from poison.
   It protects you from negative energy.
   It lets you turn invisible.
 d - a +4 ring of protection (right hand)
   (You found it on level 1 of the Dungeon)
 l - an amulet of magic regeneration
   (You found it on level 6 of the Dungeon)
 p - a +4 ring of evasion
   (You found it on level 4 of the Dungeon)
 w - an amulet of regeneration (around neck)
   (You found it on level 8 of the Dungeon)
 B - a ring of protection from fire (left hand)
   (You found it on level 8 of the Dungeon)
 N - a ring of positive energy
   (You found it on level 14 of the Dungeon)
Wands
 o - a wand of mindburst (11)
   (You found it on level 4 of the Dungeon)
 A - a wand of polymorph (17)
   (You found it on level 8 of the Dungeon)
 C - a wand of digging (10) {@v3}
   (You found it on level 1 of the Lair of Beasts)
 H - a wand of paralysis (2)
   (You found it on level 3 of the Lair of Beasts)
 I - a wand of flame (16) {@v4}
   (You found it on level 3 of the Lair of Beasts)
 M - a wand of acid (13) {@v1}
   (You found it on level 13 of the Dungeon)
Scrolls
 e - 2 scrolls of fog {!r}
 g - 3 scrolls of vulnerability
 h - 3 scrolls of amnesia
 j - a scroll of blinking {@r4}
 s - a scroll of torment
 t - 8 scrolls of identify {@r1}
 y - a scroll of holy word
 z - a scroll of silence
 D - 3 scrolls of magic mapping {@r5 !r}
 F - 2 scrolls of teleportation {@r3 !r}
 G - a scroll of enchant armour
 J - a scroll of fear {!r}
 K - a scroll of immolation
 O - a scroll of brand weapon
 P - a scroll of enchant weapon


   Skills:
 - Level 8.4 Fighting
 - Level 1.5 Dodging
 - Level 1.5 Stealth
 + Level 2.8 Shields
 - Level 18.5 Spellcasting
 + Level 5.2 Conjurations
 - Level 9.0 Necromancy
 - Level 10.0 Fire Magic
 - Level 6.0 Poison Magic
 - Level 12.0 Invocations
 - Level 6.0 Evocations


You had 19 spell levels left.
You knew the following spells:

 Your Spells              Type           Power      Damage    Failure   Level
a - Pain                  Necr           100%       1d9       1%          1
b - Vampiric Draining     Necr           34%        2d10      1%          3
c - Agony                 Necr           69%        N/A       2%          5
d - Sting                 Tmut/Pois      100%       1d8       1%          1
e - Starburst             Conj/Fire      24%        8x6d8     22%         6
f - Dispel Undead         Necr           69%        3d23      1%          4
t - Blink                 Tloc           N/A        N/A       4%          2
x - Ignite Poison         Fire/Tmut/Pois 39%        N/A       1%          3
z - Olgreb's Toxic Radia  Pois           42%        N/A       2%          4
D - Animate Dead          Necr           34%        N/A       1%          4

Your spell library contained the following spells:

 Spells                   Type           Power      Damage    Failure   Level
 Animate Skeleton         Necr           100%       N/A       1%          1
 Foxfire                  Conj/Fire      100%       2x1d9     1%          1
 Magic Dart               Conj           100%       1d8       1%          1
 Corpse Rot               Necr/Air       N/A        N/A       1%          2
 Poisonous Vapours        Pois/Air       60%        N/A       1%          2
 Searing Ray              Conj           78%        3d6       1%          2
 Inner Flame              Hex/Fire       38%        N/A       1%          3
 Mephitic Cloud           Conj/Pois/Air  33%        N/A       2%          3
 Excruciating Wounds      Necr           34%        N/A       2%          5
 Apportation              Tloc           36%        N/A       3%          1
 Corona                   Hex            20%        N/A       3%          1
 Freeze                   Ice            72%        1d9       3%          1
 Dazzling Flash           Conj/Hex       58%        N/A       3%          3
 Slow                     Hex            18%        N/A       4%          2
 Lesser Beckoning         Tloc           9%         N/A       10%         3
 Portal Projectile        Hex/Tloc       36%        N/A       10%         3
 Fulminant Prism          Conj/Hex       14%        3d9       11%         4
 Iskenderun's Mystic Bla  Conj/Tloc      29%        2d7       11%         4
 Alistair's Intoxication  Tmut/Pois      20%        N/A       26%         5
 Irradiate                Conj/Tmut      14%        3d18      30%         5
 Cause Fear               Hex            9%         N/A       32%         4
 Leda's Liquefaction      Hex/Erth       9%         N/A       32%         4
 Manifold Assault         Tloc           18%        N/A       32%         4
 Passage of Golubria      Tloc           N/A        N/A       32%         4
 Simulacrum               Ice/Necr       26%        N/A       63%         6
 Metabolic Englaciation   Hex/Ice        9%         N/A       67%         5
 Silence                  Hex/Air        9%         N/A       67%         5
 Freezing Cloud           Conj/Ice/Air   12%        6-21      94%         6
 Orb of Destruction       Conj           19%        9d9       97%         7
 Dispersal                Tloc           9%         N/A       99%         6
 Malign Gateway           Summ/Tloc      9%         N/A       100%        7
 Ozocubu's Refrigeration  Ice            9%         4d6       100%        7
 Spellforged Servitor     Conj/Summ      14%        N/A       100%        7
 Sublimation of Blood     Necr           Unusable   N/A       N/A         2
 Hydra Form               Tmut           Unusable   N/A       N/A         6
 Statue Form              Tmut/Erth      Unusable   N/A       N/A         6
 Dragon Form              Tmut           Unusable   N/A       N/A         7

Dungeon Overview and Level Annotations

Branches:
Dungeon (15/15)            Temple (1/1) D:6            Lair (6/6) D:9
  Swamp (0/4) Lair:4        Snake (0/4) Lair:2        Slime (0/5) Lair:6
    Orc (2/2) D:10            Elf (0/3) Orc:2        Vaults (0/5) D:14
 Depths: D:15

Altars:
Ashenzari
Cheibriados
Dithmenos
Elyvilon
Fedhas
Gozag
Hepliaklqana
Kikubaaqudgha
Makhleb
Nemelex Xobeh
Okawaru
Qazlal
Ru
Sif Muna
Trog
Uskayaw
Vehumet
Wu Jian
Xom
Yredelemnul
Zin
The Shining One
Beogh
Jiyva

Shops:
D:5 [   Orc:2 =*:(![(*

Annotations:
D:3 1 runed translucent door, Drazool's ghost, amateur GrFi
D:7 exclusion: ugly thing
D:15 Agnes; Roxanne
Lair:2 exclusion: 3 oklob plants
Lair:6 5 runed translucent doors; !molten gargoyle for later - not looted, logorrheac's ghost, journeyman SpVM
Orc:2 1 runed translucent door, Zdeegee's ghost, journeyman DsBr


Innate Abilities, Weirdness & Mutations

You are immune to poison.
Your flesh is cold resistant. (rC+)
You are immune to negative energy. (rN+++)
You are immune to unholy pain and torment.
You can survive without breathing.
You are vulnerable to heat. (rF-)
You are in touch with the powers of death.
You do not drink.


Message History

P - a scroll of enchant weapon Magic restored.
Found a scale mail.
You see here a +0 scale mail.
t - 8 scrolls of identify {@r1} (gained 1)
You see here a +0 spear.
A tengu warrior comes into view. It is wielding a +0 great mace.
The tengu warrior shouts!
You hear a shout!
A tengu warrior comes into view. It is wielding a +3 war axe.
The tengu warrior shouts!
Casting: Dispel Undead (mildly dangerous; 1% risk of failure)
Confirm with . or Enter, or press ? or * to list all spells.
You begin to radiate toxic energy.
The tengu warrior is poisoned. x2
The tengu warrior looks even sicker.
Your toxic aura wanes.
Casting: Olgreb's Toxic Radiance (mildly dangerous; 3% risk of failure)
Confirm with . or Enter, or press ? or * to list all spells.
You ignite the poison in your surroundings!
The tengu warrior seems to burn from within.
The tengu warrior is moderately wounded.
The tengu warrior seems to burn from within!!!
The tengu warrior is almost dead.
Casting: Ignite Poison (safe; 1% risk of failure)
Confirm with . or Enter, or press ? or * to list all spells.
You begin to radiate toxic energy.
The tengu warrior is poisoned. x2
The tengu warrior looks even sicker. x2
Casting: Olgreb's Toxic Radiance (mildly dangerous; 3% risk of failure)
Confirm with . or Enter, or press ? or * to list all spells.
You ignite the poison in your surroundings!
The tengu warrior seems to burn from within!!!
The tengu warrior is almost dead.
The tengu warrior seems to burn from within!!!
You kill the tengu warrior!
The tengu warrior is poisoned.
You kill the tengu warrior!
Training target 6.0 for Evocations reached!
Your Evocations skill increases to level 6!
Your toxic aura wanes.
You start resting.
Magic restored.
Things that are here:
a +0 great mace; a +0 leather armour; a tengu corpse
Items here: ) [[ †.
You now have 1671 gold pieces (gained 22).
Found a scale mail.
Found a trident.
You see here a +0 scale mail.
You see here a +0 trident.
Found 6 boomerangs.
You see here 6 boomerangs.
Found a robe.
Agnes the Wanderer comes into view.
She is wielding a +3 vampiric lajatang and wearing a +1 robe of the Archmagi.
Agnes shouts!
Casting: Ignite Poison (safe; 1% risk of failure)
Confirm with . or Enter, or press ? or * to list all spells.
You begin to radiate toxic energy.
Agnes is poisoned.
Casting: Olgreb's Toxic Radiance (mildly dangerous; 2% risk of failure)
Confirm with . or Enter, or press ? or * to list all spells.
Aiming: Sting (safe; 1% risk of failure)
Press: ? - help, Shift-Dir - straight line, f - Agnes
Aim: Agnes, wielding a +3 vampiric lajatang and wearing a +1 robe of the Archmagi (lightly wounded, poisoned, 50% to evade)
The sting misses Agnes.
Your toxic aura wanes.
Agnes says, "You will find the Path of Peace easy to follow, in death."
Casting: Sting (safe; 1% risk of failure)
Confirm with . or Enter, or press ? or * to list all spells.
You begin to radiate toxic energy.
Agnes looks even sicker. x2
Agnes hits you with a +3 vampiric lajatang.
Agnes hits you with a +3 vampiric lajatang!!
Casting: Olgreb's Toxic Radiance (mildly dangerous; 2% risk of failure)
Confirm with . or Enter, or press ? or * to list all spells.
You ignite the poison in your surroundings!
Agnes seems to burn from within!!
Agnes is moderately wounded.
Agnes is poisoned.
Your toxic aura wanes.
Agnes hits you with a +3 vampiric lajatang!
* * * LOW HITPOINT WARNING * * *
Agnes hits you with a +3 vampiric lajatang!!
* * * LOW HITPOINT WARNING * * *
Casting: Ignite Poison (safe; 1% risk of failure)
Confirm with . or Enter, or press ? or * to list all spells.
You begin to radiate toxic energy.
Agnes hits you with a +3 vampiric lajatang!
* * * LOW HITPOINT WARNING * * *
Agnes hits you with a +3 vampiric lajatang!
* * * LOW HITPOINT WARNING * * *
Casting: Olgreb's Toxic Radiance (mildly dangerous; 2% risk of failure)
Confirm with . or Enter, or press ? or * to list all spells.
You blink.
Agnes looks even sicker.
You block Agnes's attack.
Casting: Blink (safe; 4% risk of failure)
Confirm with . or Enter, or press ? or * to list all spells.
You miscast Blink.
You are very lightly contaminated with residual magic.
Nothing appears to happen.
Your toxic aura wanes.
Agnes hits you with a +3 vampiric lajatang!!
* * * LOW HITPOINT WARNING * * *
Agnes hits you with a +3 vampiric lajatang!!
You die...

..#.....#...##
....#....#...##.......##
....##.....#..#.........
...###.....##.#.......8.
........................
[......##...#.#........#
<(......#.....#.......#
#}..#.#.#............##.
........#.......@.......
#.............#?i.......
#.....#.......#§########
.....####.....#.##
#....# .....#..###
###### .....##...#
....####.# # ....# #.##
.# ####.####..##


You could see Agnes (very poisoned).

Vanquished Creatures
  2 orc warlords (Orc:2)
  A stone giant (D:13)
  Josephine (D:10)
  A yaktaur captain (D:13)
  4 vault guards
  3 boulder beetles
  9 hydras
  3 catoblepae
  A death knight (D:13)
  18 death yaks
  2 centaur warriors (D:13)
  3 tengu warriors
  4 orc high priests
  Sonja (Lair:5)
  4 two-headed ogres
  3 skeletal warriors
  Nergalle (D:10)
  A fire crab (shapeshifter) (D:14)
  2 unseen horrors
  2 lindwurms
  2 bog bodies (Lair:4)
  5 orc knights
  An orb spider (shapeshifter) (D:13)
  6 orc sorcerers
  3 ugly things
  3 manticores
  5 cyclopes
  A torpor snail (Lair:4)
  5 centaur zombies
  2 guardian serpents (D:13)
  12 elephants
  6 gargoyles
  9 black mambas
  11 cane toads
  2 kobold demonologists (D:13)
  10 rime drakes
  9 komodo dragons
  An efreet (D:14)
  A yaktaur (D:13)
  6 trolls
  A polar bear (Lair:3)
  4 meliai
  29 blink frogs
  A harpy skeleton (D:14)
  A meliai zombie (D:13)
  4 wyverns
  3 shadows
  2 vampires (D:13)
  36 yaks
  5 wraiths
  5 basilisks
  3 vampire mosquitoes (D:14)
  Grum (D:11)
  2 steam dragons (Lair:6)
  8 wargs
  3 nagas (Lair:2)
  An acid dragon (D:14)
  4 hell hounds (Lair:6)
  15 water moccasins
  39 orc warriors
  4 sky beasts
  A swamp drake (D:10)
  3 black bears
  A meliai simulacrum (D:14)
  4 ice beasts
  2 necrophages
  23 wolves
  8 centaurs
  13 ogres
  2 phantoms
  17 bullfrogs
  4 kobold brigands
  2 wyvern zombies
  A wyvern skeleton (D:6)
  5 scorpions
  2 water moccasin skeletons
  A hornet simulacrum (D:15)
  14 killer bees
  18 wights
  6 howler monkeys
  A vampire bat (D:9)
  An electric eel (D:12)
  4 lava snakes (Lair:6)
  A quasit (D:7)
  4 bullfrog zombies
  21 orc priests
  Crazy Yiuf (D:2)
  4 bullfrog skeletons
  5 centaur skeletons
  A gnoll shaman (D:8)
  9 hounds
  2 jellies
  Jessica (D:3)
  Terence (D:2)
  2 iguanas
  22 orc wizards
  10 worker ants
  A killer bee zombie (D:8)
  A hound zombie (D:10)
  A hound skeleton (D:5)
  2 worker ant zombies
  9 gnolls
  18 adders
  A shadow imp (D:9)
  3 white imps
  2 ufetubi
  An ooze (D:5)
  3 worms (D:2)
  A dart slug (D:2)
  6 leopard geckos
  107 orcs
  2 bat skeletons (D:9)
  3 bat zombies (D:9)
  4 giant cockroaches
  10 hobgoblins
  19 jackals
  3 quokkas
  5 bats
  4 frilled lizards
  10 goblins
  19 kobolds
  A leopard gecko skeleton (D:4)
  A quokka skeleton (D:6)
  8 rats
799 creatures vanquished.

Vanquished Creatures (collateral kills)
  A frilled lizard (D:2)
1 creature vanquished.

Vanquished Creatures (others)
  62 fungi
  54 plants
  2 withered plants (D:3)
118 creatures vanquished.

Grand Total: 918 creatures vanquished

Notes
Turn   | Place    | Note
-------+----------+-------------------------------------------
     0 | D:1      | rednaxela the Mummy Necromancer began the quest for the
                  | Orb.
     0 | D:1      | Reached XP level 1. HP: 13/13 MP: 4/4
   215 | D:1      | Reached skill level 3 in Spellcasting
   264 | D:1      | Reached XP level 2. HP: 19/19 MP: 0/6
  1079 | D:1      | Reached XP level 3. HP: 24/24 MP: 4/8
  1134 | D:1      | Learned a level 3 spell: Vampiric Draining
  1670 | D:2      | Reached skill level 4 in Spellcasting
  2010 | D:2      | Found a radiant altar of Vehumet.
  2011 | D:2      | Found a shimmering blue altar of Sif Muna.
  2018 | D:2      | Became a worshipper of Sif Muna the Loreminder
  2046 | D:2      | Reached XP level 4. HP: 30/30 MP: 7/10
  2114 | D:2      | Reached skill level 5 in Necromancy
  2505 | D:2      | Learned a level 4 spell: Animate Dead
  2680 | D:2      | Reached skill level 5 in Spellcasting
  2680 | D:2      | Reached XP level 5. HP: 35/35 MP: 6/12
  2812 | D:2      | Noticed Terence
  2887 | D:2      | Found a runed translucent door.
  2890 | D:2      | Noticed Crazy Yiuf
  2966 | D:2      | Killed Terence
  3271 | D:2      | Reached * piety under Sif Muna
  3556 | D:3      | Found a runed translucent door.
  3557 | D:3      | Noticed Drazool's ghost (amateur GrFi)
  3570 | D:3      | Noticed Jessica
  3576 | D:3      | Killed Jessica
  3577 | D:3      | Reached XP level 6. HP: 41/41 MP: 10/14
  3817 | D:3      | You fall into a shaft and drop 2 floors!
  3817 | D:5      | Entered Level 5 of the Dungeon
  3818 | D:5      | Noticed a sky beast
  3818 | D:5      | Noticed a sky beast
  3862 | D:5      | Reached skill level 6 in Spellcasting
  3862 | D:5      | Reached skill level 6 in Necromancy
  4005 | D:5      | Noticed a sky beast
  4043 | D:5      | Killed a sky beast
  4754 | D:5      | Reached XP level 7. HP: 38/46 MP: 11/17
  4908 | D:5      | Reached skill level 7 in Spellcasting
  5044 | D:5      | Reached ** piety under Sif Muna
  5478 | D:3      | You fall into a shaft and drop 1 floor!
  5788 | D:3      | Found a bloodstained altar of Trog.
  5788 | D:3      | Found a burning altar of Makhleb.
  5795 | D:3      | Found an ornate altar of the Wu Jian Council.
  5797 | D:3      | Found a faded altar of an unknown god.
  5799 | D:3      | Found a sacrificial altar of Ru.
  6175 | D:2      | Killed Crazy Yiuf
  6176 | D:2      | Reached skill level 7 in Necromancy
  6607 | D:4      | Found a blossoming altar of Fedhas.
  6935 | D:4      | Found a shimmering altar of Xom.
  7419 | D:5      | Found Foapiodo's Antique Armour Emporium.
  7458 | D:5      | Reached skill level 8 in Spellcasting
  7546 | D:5      | Reached XP level 8. HP: 52/52 MP: 20/20
  8142 | D:6      | Reached skill level 8 in Necromancy
  8224 | D:6      | Learned a level 5 spell: Agony
  8425 | D:6      | Reached skill level 9 in Spellcasting
  8594 | D:6      | Found a staircase to the Ecumenical Temple.
  8602 | D:6      | Reached *** piety under Sif Muna
  8677 | D:6      | Found an ornate altar of the Wu Jian Council.
  8685 | Temple   | Entered the Ecumenical Temple
  9757 | D:7      | Reached skill level 9 in Necromancy
  9975 | D:7      | Noticed a cyan ugly thing
 10099 | D:7      | Reached skill level 10 in Spellcasting
 10184 | D:7      | Reached XP level 9. HP: 37/57 MP: 23/23
 10582 | D:8      | Noticed a two-headed ogre
 10603 | D:7      | Reached skill level 11 in Spellcasting
 10815 | D:8      | Killed a two-headed ogre
 10816 | D:8      | Reached skill level 12 in Spellcasting
 10930 | D:8      | Reached skill level 13 in Spellcasting
 11147 | D:8      | Noticed a two-headed ogre
 11155 | D:8      | Killed a two-headed ogre
 11292 | D:8      | Reached skill level 14 in Spellcasting
 11292 | D:8      | Reached XP level 10. HP: 63/63 MP: 20/28
 11385 | D:8      | Reached **** piety under Sif Muna
 11719 | D:9      | Noticed a two-headed ogre
 11732 | D:9      | Found an iron altar of Okawaru.
 12379 | D:9      | Reached skill level 15 in Spellcasting
 12411 | D:9      | Identified a scroll of acquirement
 12414 | D:8      | Acquired 986 gold pieces
 12589 | D:9      | Killed a two-headed ogre
 12842 | D:9      | Found an ancient bone altar of Kikubaaqudgha.
 12878 | D:9      | Found a staircase to the Lair.
 13049 | D:10     | Entered Level 10 of the Dungeon
 13323 | D:10     | Reached ***** piety under Sif Muna
 13484 | D:9      | Reached skill level 16 in Spellcasting
 14143 | D:10     | Found a staircase to the Orcish Mines.
 14208 | D:9      | Identified Sif Muna's Almanac of Contamination (Sif Muna
                  | gifted it to you on level 9 of the Dungeon)
 14208 | D:9      | Received a gift from Sif Muna
 14470 | D:11     | Noticed Grum
 14712 | D:11     | Noticed a gargoyle
 14712 | D:11     | Noticed a manticore
 14718 | D:10     | Killed a gargoyle
 14744 | D:11     | Noticed a cyclops
 14777 | D:10     | Reached XP level 11. HP: 68/68 MP: 31/31
 14790 | D:10     | Reached skill level 17 in Spellcasting
 15238 | D:11     | Killed Grum
 15985 | D:12     | Reached skill level 18 in Spellcasting
 16192 | D:12     | Noticed a boulder beetle
 16356 | Lair:1   | Entered Level 1 of the Lair of Beasts
 16570 | D:9      | Found a staircase to the Lair.
 16873 | D:9      | Found an ancient bone altar of Kikubaaqudgha.
 16968 | D:9      | Found an iron altar of Okawaru.
 17340 | Lair:1   | Noticed Harold
 17371 | Lair:1   | Reached skill level 1 in Fighting
 17569 | Lair:1   | Noticed Harold
 17569 | Lair:1   | Harold changed into Harold the cyclops
 17586 | Lair:1   | Killed Harold the cyclops
 17587 | Lair:1   | Reached skill level 1 in Invocations
 17720 | Lair:1   | Reached skill level 2 in Fighting
 17801 | Lair:1   | Reached skill level 2 in Invocations
 17951 | D:9      | Reached skill level 3 in Fighting
 18159 | Lair:1   | Reached skill level 3 in Invocations
 18575 | Lair:2   | Reached skill level 4 in Fighting
 18597 | Lair:2   | Reached XP level 12. HP: 52/83 MP: 11/34
 18604 | Lair:2   | Reached skill level 4 in Invocations
 18810 | Lair:2   | Found the +8 whip "Snakebite" {curare, rPois}
 19197 | Lair:2   | Paralysed by a floating eye for 2 turns
 19332 | Lair:2   | Found a staircase to the Snake Pit.
 19420 | Lair:2   | Reached skill level 5 in Fighting
 19874 | Lair:1   | Reached skill level 5 in Invocations
 19879 | Lair:1   | Learned a level 4 spell: Olgreb's Toxic Radiance
 19883 | Lair:1   | Learned a level 3 spell: Ignite Poison
 20330 | Lair:1   | Reached skill level 1 in Fire Magic
 20330 | Lair:1   | Reached skill level 1 in Poison Magic
 20838 | Lair:2   | Reached skill level 2 in Fire Magic
 20838 | Lair:2   | Reached skill level 2 in Poison Magic
 21184 | Lair:2   | Paralysed by a floating eye for 3 turns
 21383 | Lair:3   | Noticed a death yak
 21391 | Lair:3   | Learned a level 1 spell: Sting
 21589 | Lair:3   | Noticed a death yak
 21589 | Lair:3   | Noticed a death yak
 21590 | Lair:3   | Noticed a death yak
 21590 | Lair:3   | Noticed a death yak
 21591 | Lair:3   | Noticed a death yak
 21657 | Lair:2   | Killed a death yak
 21658 | Lair:2   | Reached skill level 6 in Invocations
 21731 | Lair:3   | Reached skill level 3 in Fire Magic
 21731 | Lair:3   | Reached skill level 3 in Poison Magic
 21945 | Lair:3   | Noticed a death yak
 21947 | Lair:3   | Noticed a death yak
 21950 | Lair:3   | Noticed a death yak
 21950 | Lair:3   | Noticed a death yak
 21951 | Lair:3   | Noticed a death yak
 21952 | Lair:3   | Noticed a death yak
 21954 | Lair:3   | Killed a death yak
 21992 | Lair:3   | Killed a death yak
 22013 | Lair:3   | Killed a death yak
 22013 | Lair:3   | Identified Antyuxto's Volume of Enchanting Translocation
                  | (Sif Muna gifted it to you on level 3 of the Lair of
                  | Beasts)
 22013 | Lair:3   | Received a gift from Sif Muna
 22021 | Lair:2   | Learned a level 2 spell: Blink
 22172 | Lair:3   | Killed a death yak
 22173 | Lair:3   | Reached skill level 4 in Fire Magic
 22173 | Lair:3   | Reached skill level 4 in Poison Magic
 22179 | Lair:3   | Killed a death yak
 22179 | Lair:3   | Killed a death yak
 22180 | Lair:3   | Reached skill level 7 in Invocations
 22180 | Lair:3   | Killed a death yak
 22181 | Lair:3   | Gained mutation: You are in touch with the powers of death.
                  | [Mummy growth]
 22181 | Lair:3   | Reached XP level 13. HP: 59/92 MP: 13/35
 23108 | Lair:4   | Reached skill level 5 in Poison Magic
 23320 | Lair:4   | Reached skill level 5 in Fire Magic
 23901 | Lair:4   | Found a staircase to the Swamp.
 24318 | Lair:4   | Reached skill level 8 in Invocations
 24961 | Lair:5   | Reached skill level 6 in Poison Magic
 24962 | Lair:5   | Reached skill level 6 in Fire Magic
 25058 | Lair:5   | Noticed Sonja
 25337 | Lair:5   | Killed Sonja
 25636 | Lair:5   | Reached skill level 9 in Invocations
 26035 | Lair:6   | Entered Level 6 of the Lair of Beasts
 26041 | Lair:6   | Reached skill level 7 in Fire Magic
 26162 | Lair:5   | Reached XP level 14. HP: 79/98 MP: 18/36
 26244 | Lair:5   | Received a gift from Sif Muna
 26738 | Lair:5   | Reached skill level 10 in Invocations
 26840 | Lair:6   | Found a runed translucent gate.
 26840 | Lair:6   | Found a runed translucent gate.
 26840 | Lair:6   | Found a runed translucent gate.
 27005 | Lair:6   | Reached skill level 8 in Fire Magic
 27688 | Lair:6   | Noticed logorrheac's ghost (journeyman SpVM)
 27912 | Lair:6   | Found a viscous altar of Jiyva.
 27913 | Lair:6   | Found a staircase to the Slime Pits.
 28631 | Lair:6   | Reached skill level 9 in Fire Magic
 28846 | Lair:6   | Reached skill level 11 in Invocations
 28886 | Lair:6   | Found a large runed translucent door.
 28887 | Lair:6   | Found a large runed translucent door.
 29135 | Orc:1    | Entered Level 1 of the Orcish Mines
 29135 | Orc:1    | Noticed Nergalle
 29140 | D:10     | Killed Nergalle
 29180 | Orc:1    | Noticed Josephine
 29349 | D:10     | Killed Josephine
 29653 | Orc:2    | Entered Level 2 of the Orcish Mines
 29653 | Orc:2    | Found a staircase to the Elven Halls.
 30095 | Orc:2    | Identified Sif Muna's Thorough Guide to Wizardry (Sif Muna
                  | gifted it to you on level 2 of the Orcish Mines)
 30095 | Orc:2    | Received a gift from Sif Muna
 30405 | Orc:2    | Found Biyruceo's Antique Armour Shoppe.
 30817 | Orc:2    | Found Woth's Assorted Antiques.
 31001 | Orc:2    | Found Aroz's Antique Weapon Shoppe.
 31034 | Orc:2    | Found Riunt's Distillery.
 31038 | Orc:2    | Found Gyr Gaak's Antique Weapon Emporium.
 31053 | Orc:2    | Noticed an orc warlord
 31082 | Orc:2    | Killed an orc warlord
 31098 | Orc:2    | Reached skill level 10 in Fire Magic
 31260 | Orc:2    | Found Masiac's Book Emporium.
 31279 | Orc:2    | Found a runed translucent door.
 31279 | Orc:2    | Noticed Zdeegee's ghost (journeyman DsBr)
 31300 | Orc:2    | Found Saurikir's General Store.
 31548 | Orc:2    | Reached skill level 12 in Invocations
 31634 | Orc:2    | Found Hitoez's Jewellery Shoppe.
 31679 | Orc:2    | Reached XP level 15. HP: 104/104 MP: 27/37
 32031 | Orc:1    | Reached skill level 1 in Evocations
 32038 | Orc:1    | Noticed an orc warlord
 32143 | Orc:2    | Killed an orc warlord
 32144 | Orc:2    | Reached skill level 6 in Fighting
 32253 | Orc:1    | Reached skill level 2 in Evocations
 32535 | Orc:1    | Identified Sif Muna's Collected Works on Dislocated Air
                  | (Sif Muna gifted it to you on level 1 of the Orcish Mines)
 32535 | Orc:1    | Received a gift from Sif Muna
 32875 | Orc:2    | Bought a coiled lapis lazuli ring for 145 gold pieces
 32875 | Orc:2    | Identified the ring "Qoosm" {+Inv rPois rN+} (You bought it
                  | in a shop on level 2 of the Orcish Mines)
 32934 | Orc:2    | Bought a scroll of teleportation for 33 gold pieces
 32959 | Orc:2    | Bought the Guide on the Blistering Frostbite for 759 gold
                  | pieces
 32966 | Orc:2    | Learned a level 6 spell: Starburst
 33411 | D:12     | Found a burning altar of Makhleb.
 33824 | D:13     | Reached skill level 1 in Conjurations
 34095 | D:13     | Reached skill level 3 in Evocations
 34294 | D:13     | Reached skill level 7 in Fighting
 34511 | D:13     | Reached skill level 2 in Conjurations
 35456 | D:13     | Reached skill level 4 in Evocations
 35756 | D:13     | Reached skill level 3 in Conjurations
 36096 | D:13     | Reached skill level 8 in Fighting
 36260 | Orc:2    | Bought a book of Death for 770 gold pieces
 36265 | Orc:2    | Learned a level 4 spell: Dispel Undead
 38433 | D:14     | Reached skill level 4 in Conjurations
 38433 | D:14     | Reached skill level 5 in Evocations
 38807 | D:14     | Found a basalt altar of Yredelemnul.
 38837 | D:14     | Received a gift from Sif Muna
 39057 | D:14     | Reached skill level 1 in Shields
 39244 | D:14     | Found a gate to the Vaults.
 39918 | D:15     | Entered Level 15 of the Dungeon
 39932 | D:15     | Reached skill level 2 in Shields
 40035 | D:15     | Noticed Roxanne
 40060 | D:15     | Reached skill level 5 in Conjurations
 40322 | D:15     | Reached XP level 16. HP: 77/118 MP: 29/38
 40501 | D:15     | Reached skill level 6 in Evocations
 40630 | D:15     | Noticed Agnes
 40637 | D:15     | Mangled by Agnes

Illustrated notes

Levels and vault maps discovered:
D:1:      kilobyte_arrival_exit_the_forest, layout_basic, glass_columns_a,
          kennysheep_minor_cross
D:2:      layout_loops_cross, chequers_temple_overflow_statue_of_worship,
          grunt_ministairs_13, uniq_crazy_yiuf_cottage, uniq_terence
D:3:      layout_loops_corners, chequers_temple_overflow_minitemple,
          gammafunk_ghost_grave, uniq_jessica
D:4:      layout_cave_pools, lemuel_coloured_pillars_altar, tgw_xom,
          nicolae_underground_beach
D:5:      layout_layer_cave, serial_shops, shop_coins
D:6:      layout_basic, minmay_temple_entry_waves, basic_altar
D:7:      layout_basic
D:8:      layout_loops_cross, hangedman_abyss_or_decor_clamps
D:9:      layout_cave_pools, kennysheep_little_box, kennysheep_vampire_church,
          grunt_lair_entry_orc_guard_hut, kennysheep_okawaru_gauntlet
D:10:     layout_irregular_city, erik_orc_1, serial_column_ruins,
          column_ruins_hut, column_ruins_hut, column_ruins_columns_straight,
          column_ruins_open_tiny, column_ruins_open_medium, column_ruins_grid_3
D:11:     layout_cave_pools, david_defended_altar_orc, uniq_grum
D:12:     layout_loops_ring, basic_altar, kennysheep_generic_room_16
D:13:     nzn_winding_woodlands_small [nzn_winding_woodlands_5x15_pool,
          nzn_winding_woodlands_center_pierced_h,
          nzn_winding_woodlands_5x15_zeroes], layout_basic,
          minmay_fractal_squares_gapless_7
D:14:     layout_rooms, lightli_vaults_fourway_checkpoint, basic_altar,
          serial_corexii_hall, corexii_hall_statues_s,
          chequers_hall_statues_wall_a, corexii_hall_statues_l,
          chequers_hall_statues_y, nrook_guardian_serpent_double
D:15:     grunt_enter_depths_hoard, layout_rooms,
          chequers_serial_rivers_small_b, uniq_agnes, uniq_roxanne
Temple:   hc_temple_tempest_star
Lair:1:   layout_big_grid, st_stairs_7, uniq_harold
Lair:2:   minmay_guarded_unrand_snakebite, layout_layer_cave,
          guppyfry_snake_entry_garden, portal_ice_cave_entry_pillars_2,
          disabler_island
Lair:3:   layout_chaotic_city, beast_lair_carwin_5
Lair:4:   layout_gridlike, skrybe_swamp_entry_bodies
Lair:5:   layout_cave_shapes, uniq_sonja
Lair:6:   cheibrodos_lair_end_hotspot, layout_regular_city,
          dpeg_slime_entry_enclosed_altar, ebering_ghost_rock_garden,
          nicolae_quartered_pool_super, chequers_serial_rivers_micro_e,
          minmay_hedge_maze, minmay_lair_drake_nest
Orc:1:    layout_diamond_mine, uniq_josephine, uniq_nergalle
Orc:2:    grunt_orc_gardens, layout_diamond_mine, grunt_orc_garden,
          grunt_orc_garden, grunt_orc_garden, grunt_orc_garden,
          gammafunk_ghost_grave, basic_altar, serial_shops, shop_statue,
          nicolae_shop_crystal, shop, nicolae_shop_waterfront, mines5_lemuel

Skill      XL: |  1  2  3  4  5  6  7  8  9 10 11 12 13 14 15 16 |
---------------+-------------------------------------------------+-----
Spellcasting   | 3 4 5 6 8 10 14 16 18 | 18.5
Necromancy     | 5 6 7 9 |  9.0
Fighting       | 4 5 8 |  8.4
Invocations    | 3 7 9 12 | 12.0
Fire Magic     | 4 7 10 | 10.0
Poison Magic   | 4 6 |  6.0
Evocations     | 5 6 |  6.0
Conjurations   | 5 |  5.2
Shields        | 2 |  2.8
Dodging        | |  1.5
Stealth        | |  1.5

Action                   |  1- 3 |  4- 6 |  7- 9 | 10-12 | 13-15 | 16-18 || total
-------------------------+-------+-------+-------+-------+-------+-------++-------
Melee: Dagger            |    18 |       |       |       |       |       ||    18
       Short sword       |       |    66 |    14 |       |       |       ||    80
       Quarterstaff      |       |       |   134 |   346 |    18 |       ||   498
       Whip              |       |       |       |       |   426 |       ||   426
       Staff             |       |       |       |       |     8 |       ||     8
Throw: Dart              |       |     1 |       |     2 |     3 |       ||     6
 Cast: Pain              |    83 |   110 |    76 |   155 |    12 |       ||   436
       Animate Dead      |       |     1 |     3 |     4 |       |       ||     8
       Vampiric Draining |       |     8 |    28 |   175 |    70 |       ||   281
       Agony             |       |       |       |    34 |    48 |       ||    82
       Olgreb's Toxic Ra |       |       |       |    30 |   208 |     5 ||   243
       Ignite Poison     |       |       |       |    28 |   220 |     3 ||   251
       Sting             |       |       |       |    14 |    55 |     1 ||    70
       Blink             |       |       |       |       |    16 |     1 ||    17
       Dispel Undead     |       |       |       |       |    24 |     3 ||    27
Invok: Channel Magic     |       |       |       |       |     1 |       ||     1
Evoke: Wand              |       |     1 |     6 |    17 |    33 |       ||    57
  Use: Scroll            |       |     4 |     5 |    11 |     8 |       ||    28
 Stab: Sleeping          |       |       |     3 |       |     1 |       ||     4
       Paralysed         |       |       |     1 |     6 |    12 |       ||    19
       Petrified         |       |       |       |     4 |       |       ||     4
Armor: Robe              |     7 |    37 |    75 |   321 |    63 |       ||   503
       Steam dragon scal |       |       |       |       |   446 |       ||   446
Dodge: Dodged            |    36 |    80 |   121 |   580 |   546 |       ||  1363
Block: Buckler           |       |       |       |       |    44 |     1 ||    45

Table legend: (Time is in decaauts)
 A = Elapsed time spent in this place.
 B = Non-inter-level travel time spent in this place.
 C = Inter-level travel time spent in this place.
 D = Time resting spent in this place.
 E = Time spent auto-exploring this place.
 F = Levels seen in this place.
 G = Mean time per level.
                   A        B        C        D        E       F      G
               +--------+--------+--------+--------+--------+-----+--------+
         Total |  41125 |  38560 |   2565 |   8354 |  21583 |  24 | 1713.5 |
       Dungeon |  25450 |  23752 |   1698 |   4437 |  13953 |  15 | 1696.7 |
        Temple |    240 |    214 |     26 |      0 |    213 |   1 |  240.0 |
          Lair |  11715 |  11256 |    459 |   2670 |   5980 |   6 | 1952.5 |
  Orcish Mines |   3719 |   3338 |    381 |   1247 |   1437 |   2 | 1859.5 |
               +--------+--------+--------+--------+--------+-----+--------+

Top non-repeatable levels by time:
    D:13: 4206 daAuts
  Lair:2: 2647 daAuts
    D:10: 2505 daAuts
     D:5: 2407 daAuts
     D:9: 2289 daAuts
  Lair:5: 2099 daAuts
  Lair:6: 1981 daAuts
   Orc:2: 1958 daAuts
  Lair:4: 1829 daAuts
     D:1: 1818 daAuts
   Orc:1: 1760 daAuts
     D:2: 1745 daAuts
    D:14: 1666 daAuts
  Lair:3: 1649 daAuts
     D:7: 1561 daAuts
